cohdb
Replays
Latest Replays
All Replays
Popular Replays
Top Player Replays
Match Explorer
How It Works
Community
CoH3 Stats
Reddit
Sign in to upload your games and track your stats! →
Sign in with Steam
Match 45755997
Unlisted
Match 45755997
Overview
Messages
Build Orders
End
Kradschützen Motorcycle Team
Panzerpioneer Squad
Panzergrenadier Squad
Construct Light Support Kompanie
Assault Grenadier Squad
Construct Mechanized Kompanie
2.5-tonne Medical Truck
8 Rad Armored Car
Veteran Squad Leaders
Vehicle Survival Package
Support Armor Elements
Assault Mechanized Group
Selects Italian Infantry
Selects Guastatori Squad
Emergency Repair Kits
Construct Panzerarmee Kommand
Selects Registered Artillery
Selects Defensive Operations
Panzer III L Medium Tank
Liberator4515
Veni,Vidi,Vici
UK_TRIGGER
LongShankS
0
0
Comments
sign in to comment!
No comments posted yet!